 Dungeon Crawl Stone Soup version 0.21.1-1-g345015f (webtiles) character file.

48 tkdonut the Chopper (level 3, -4/34 HPs)
             Began as a Hill Orc Berserker on July 14, 2018.
             Was a Believer of Trog.
             Slain by a gnoll
             ... wielding a +0 flail
              (10 damage)
             ... on level 2 of the Dungeon.
             The game lasted 00:02:43 (967 turns).

tkdonut the Chopper (Hill Orc Berserker)             Turns: 967, Time: 00:02:44

Health: -4/34      AC:  6    Str: 20    XL:     3   Next: 72%
Magic:  0/3        EV: 10    Int:  7    God:    Trog [**....]
Gold:   119        SH:  0    Dex: 10    Spells: 2/2 levels left

rFire    . . .     SeeInvis .   g - +0 hand axe (freeze)
rCold    . . .     Gourm    .   (no shield)
rNeg     . . .     Faith    .   d - +0 scale mail
rPois    .         Spirit   +   (no helmet)
rElec    .         Reflect  .   (no cloak)
rCorr    .         Harm     .   (no gloves)
MR       .....                  (no boots)
Stlth    ..........             i - amulet of guardian spirit
HPRegen  0.11/turn              (no ring)
MPRegen  0.08/turn              (no ring)

@: berserk cooldown, slowed, very slow
A: no striking features
a: Berserk, Trog's Hand, Burn Spellbooks, Renounce Religion


You were on level 2 of the Dungeon.
You worshipped Trog.
Trog was pleased with you.
You were near starving.

You visited 1 branch of the dungeon, and saw 2 of its levels.

You collected 119 gold pieces.

Inventory:

Hand Weapons
 a - a +0 hand axe
 g - a +0 hand axe of freezing (weapon)
Armour
 b - a +0 animal skin
 d - a +0 scale mail (worn)
Jewellery
 i - an amulet of guardian spirit (around neck)
Scrolls
 e - a scroll of teleportation {unknown}
 f - a scroll of remove curse {unknown}
Potions
 h - a potion of berserk rage {unknown}
 j - a potion of resistance {unknown}
Comestibles
 c - 3 rations


   Skills:
 + Level 4.3 Fighting
 + Level 5.1 Axes
 + Level 2.3 Armour
 + Level 1.8 Dodging


You had 2 spell levels left.
You didn't know any spells.

Dungeon Overview and Level Annotations

Branches:
Dungeon (2/15)

Altars:


Message History

You feel yourself slow down.
The gnoll hits you from afar with a spear.
The gnoll hits you with a flail.
You hit the gnoll but do no damage. The gnoll hits you but does no damage.
The gnoll closely misses you. The gnoll hits you but does no damage.
Your scale mail prevents you from hitting the gnoll.
The gnoll misses you. The gnoll completely misses you.
The gnoll hits you with a flail.
You hit the gnoll but do no damage. The gnoll completely misses you.
The gnoll hits you but does no damage. The gnoll hits you with a flail.
You hit the gnoll but do no damage.
The gnoll hits you from afar with a spear!
* * * LOW HITPOINT WARNING * * *
The gnoll hits you but does no damage. The gnoll completely misses you.
You hit the gnoll. You freeze the gnoll.
The gnoll is lightly wounded.
The gnoll barely misses you. x2
The gnoll hits you but does no damage. The gnoll barely misses you.
The gnoll hits you with a flail!
You die...

#.##.##......#.....# ......#
#.##..#......#.##### ......#
#.###.#......#.# ......#
#.###..........# .....g#
#...##.#########
....g.##########.##.#######
......#.....# #.##..##...#
......#....(####.###.##...######
...........))ggg@.............>#
.....†......####.###.##...#.##.#
#######.....# #.# #.##...#.##.#
#.....# #.# #..#...#.##.#
#.....# #.# ##.#####.##.#
#...### #.# #..####.##.## #.###
#.# #.......##... #.# #.#
#.......##### #.# #.# #.......#


You could see 3 gnolls.

Vanquished Creatures
  A gnoll (D:2)
  An ooze (D:2)
  A worm (D:2)
  A dart slug (D:1)
  3 leopard geckos
  3 bats
  A giant cockroach (D:1)
  2 goblins (D:1)
  4 hobgoblins
  4 kobolds
  3 frilled lizards (D:1)
  2 rats (D:1)
26 creatures vanquished.

Vanquished Creatures (others)
  5 toadstools (D:1)
5 creatures vanquished.

Grand Total: 31 creatures vanquished

Notes
Turn   | Place    | Note
-------+----------+-------------------------------------------
     0 | D:1      | tkdonut the Hill Orc Berserker began the quest for the Orb.
     0 | D:1      | Reached XP level 1. HP: 19/19 MP: 1/1
   137 | D:1      | Reached XP level 2. HP: 25/27 MP: 2/2
   523 | D:2      | Reached XP level 3. HP: 15/33 MP: 0/3
   954 | D:2      | Reached ** piety under Trog
   956 | D:2      | Reached skill level 5 in Axes
   967 | D:2      | Slain by a gnoll

Skill      XL: |  1  2  3 |
---------------+----------+-----
Fighting       | 4 |  4.3
Axes           | 5 |  5.1
Armour         | |  2.3
Dodging        | |  1.8

Action                   || total
-------------------------++-------
Melee: Hand axe          ||    74
Invok: Berserk           ||     2
Armor: Animal skin       ||     1
       Scale mail        ||    24
Dodge: Dodged            ||    53
